 Dungeon Crawl Stone Soup version 0.26.1-16-g4e020e15dc (webtiles) character file.

Game seed: 12158117092643797931

436 BiteMe the Firebug (level 6, 0/42 HPs)
             Began as a Demonspawn Fire Elementalist on Mar 18, 2023.
             Slain by an orc
             ... wielding a +0 hand axe
              (4 damage)
             ... on level 4 of the Dungeon.
             The game lasted 00:50:03 (10748 turns).

BiteMe the Firebug (Demonspawn Fire Elementalist)  Turns: 10748, Time: 00:50:03

Health: 0/42       AC:  3    Str:  8    XL:     6   Next: 68%
Magic:  5/11       EV: 15    Int: 18    God:
Gold:   173        SH:  0    Dex: 14    Spells: 8/12 levels left

rFire    + . .     SeeInvis .   k - +1 hand axe (vamp)
rCold    . . .     Faith    .   (no shield)
rNeg     . . .     Spirit   .   a - +0 robe
rPois    .         Reflect  .   m - +0 helmet
rElec    .         Harm     .   (no cloak)
rCorr    .         Rampage  .   (no gloves)
Will     .....                  (no boots)
Stlth    ++........             (no amulet)
HPRegen  0.14/turn              (no ring)
MPRegen  0.12/turn              (no ring)

@: mighty
A: repulsion field 1, fire resistance 1
a: no special abilities


You were on level 4 of the Dungeon.
You visited 1 branch of the dungeon, and saw 4 of its levels.

You collected 173 gold pieces.

Inventory:

Hand Weapons
 b - a +0 whip
 f - a +0 club
 g - a +0 short sword
 h - a +0 dagger
 k - a +1 vampiric hand axe (weapon)
 q - a +0 war axe
 s - a +0 flail
 t - a +0 trident
Missiles
 d - 49 bolts
 o - 25 arrows
Armour
 a - a +0 robe (worn)
 l - a +3 ring mail
 m - a +0 helmet (worn)
 z - a cursed +0 leather armour
Jewellery
 r - an uncursed ring of resist corrosion
 u - a +4 ring of protection {unknown}
 x - an uncursed ring of flight
Scrolls
 j - 4 scrolls of teleportation
 p - a scroll of fog {unknown}
 w - a scroll of enchant armour {unknown}
 y - a scroll of remove curse {unknown}
Potions
 c - a potion of berserk rage
 e - a potion of lignification
 i - a potion of haste
 n - 2 potions of might
 v - a potion of curing {unknown}
 B - a potion of ambrosia {unknown}


   Skills:
 + Level 0.9 Fighting
 + Level 1.3(1.4) Axes
 - Level 0.1(0.8) Maces & Flails
 + Level 2.4 Dodging
 - Level 1.7 Stealth
 * Level 3.7 Spellcasting
 * Level 3.8 Conjurations
 * Level 4.2 Fire Magic


You had 8 spell levels left.
You knew the following spells:

 Your Spells              Type           Power        Failure   Level
a - Foxfire               Conj/Fire      68%          3%          1
b - Conjure Flame         Conj/Fire      17%          9%          3

Your spell library contained the following spells:

 Spells                   Type           Power        Failure   Level
 Inner Flame              Hex/Fire       10%          19%         3
 Sticky Flame             Conj/Fire      17%          28%         4
 Fireball                 Conj/Fire      8%           63%         5


Dungeon Overview and Level Annotations

Branches:
Dungeon (4/15)
 Temple: D:4-7

Altars:


Innate Abilities, Weirdness & Mutations

You are surrounded by a mild repulsion field. (EV +2)
Your flesh is heat resistant. (rF+)


Message History

Casting: Foxfire (safe; 3% risk of failure)
Press: ? - help, Q - select action, (/) - cycle Dir - look around, f - activate Nothing appears to happen.
The gnoll hits you from afar with a +0 halberd!
The gnoll closely misses you.
You hit the orc but do no damage.
The orc is severely wounded.
You hit the gnoll.
You feel better. The orc closely misses you.
The gnoll hits you from afar with a +0 halberd.
The gnoll barely misses you. The orc barely misses you.
You hit the gnoll but do no damage.
The gnoll is severely wounded.
You hit the orc.
You feel better.
The gnoll hits you from afar with a +0 halberd!
* * * LOW HITPOINT WARNING * * *
The gnoll completely misses you. The orc hits you with a +0 hand axe.
* * * LOW HITPOINT WARNING * * *
You feel very mighty all of a sudden.
The gnoll misses you. x2; The orc hits you with a +0 hand axe.
You die...

# .#######
......#
######.#
##....#w#
#.....#o#####
... #@gg..#
.. #####.#
#.##.###.#
#........#
####.#####
###.# #...#
####### #.###
#...... #.#
#.#####


You could see a worm, 2 gnolls and an orc.

Vanquished Creatures
  A scorpion (D:4)
  A vampire bat (D:3)
  An orc priest (D:3)
  A centaur skeleton (D:4)
  A worker ant (D:4)
  A gnoll (D:4)
  4 adders
  2 oozes (D:1)
  8 worms
  3 dart slugs
  3 fire bats (D:3)
  4 leopard geckos
  12 orcs (D:3)
  2 spectral bats (D:3)
  A ball python (D:3)
  19 bats
  3 bat skeletons (D:3)
  A bat zombie (D:3)
  A giant cockroach (D:3)
  7 hobgoblins
  2 quokkas
  A bat simulacrum (D:3)
  5 frilled lizards
  10 goblins
  8 kobolds
  5 rats
107 creatures vanquished.

Vanquished Creatures (others)
  321 foxfires
321 creatures vanquished.

Grand Total: 428 creatures vanquished

Notes
Turn   | Place    | Note
-------+----------+-------------------------------------------
     0 | D:1      | BiteMe the Demonspawn Fire Elementalist began the quest for
                  | the Orb.
     0 | D:1      | Reached XP level 1. HP: 13/13 MP: 3/3
   491 | D:1      | Gained mutation: Your flesh is heat resistant. (rF+)
                  | [demonic ancestry]
   491 | D:1      | Reached XP level 2. HP: 19/19 MP: 0/5
  1146 | D:1      | Reached skill level 3 in Fire Magic
  1474 | D:1      | Reached XP level 3. HP: 24/24 MP: 4/6
  2499 | D:2      | Reached XP level 4. HP: 11/31 MP: 1/7
  5815 | D:3      | Gained mutation: You are surrounded by a mild repulsion
                  | field. (EV +2) [demonic ancestry]
  5815 | D:3      | Reached XP level 5. HP: 36/36 MP: 3/8
  6361 | D:3      | Reached skill level 1 in Axes
  7620 | D:3      | Reached skill level 4 in Fire Magic
  7620 | D:3      | Reached XP level 6. HP: 37/42 MP: 0/11
  8424 | D:3      | Learned a level 3 spell: Conjure Flame
 10748 | D:4      | Slain by an orc

Illustrated notes

Levels and vault maps discovered:
D:1:      lightli_arrival_maybe_door_vault, layout_basic, minmay_tromino_v4_b
D:2:      layout_loops_ring, minmay_small_reverse_x
D:3:      layout_basic, hangedman_feature_mirror, goddamned_bats
D:4:      layout_loops_cross, serial_co_window_serial, co_window_paths_a,
          co_window_cross_1, co_window_paths_b, co_window_of_opportunity_a,
          co_window_corner_a, co_window_of_opportunity_b,
          co_window_of_opportunity_b, co_window_of_opportunity_b,
          co_window_2corner, co_window_broadway_b, glass_columns_a,
          glass_columns_c, nrook_campfire

Skill      XL: |  1  2  3  4  5 |
---------------+----------------+-----
Conjurations   | 2 3 |  3.8
Fire Magic     | 3 4 |  4.2
Dodging        | 2 |  2.4
Axes           | 1 |  1.3
Spellcasting   | 3 |  3.7
Fighting       | |  0.9
Maces & Flails | |  0.1
Stealth        | |  1.7

Action                   |  1- 3 |  4- 6 || total
-------------------------+-------+-------++-------
Melee: Whip              |     9 |       ||     9
       Hand axe          |    13 |    76 ||    89
 Cast: Foxfire           |    65 |   141 ||   206
       Conjure Flame     |       |     2 ||     2
  Use: Scroll            |     5 |     5 ||    10
       Potion            |       |     1 ||     1
Armor: Robe              |     3 |    53 ||    56
Dodge: Dodged            |    25 |   168 ||   193
